 Dungeon Crawl Stone Soup version 0.31-a0-1589-g8f5e8aebd6 (webtiles) character file.

Game seed: 12109691976722218460

176 BigPumpCobain the Ruffian (level 5, -5/42 HPs)
             Began as a Draconian Shapeshifter on Jan 6, 2024.
             Slain by Grinder (8 damage)
             ... on level 4 of the Dungeon.
             The game lasted 00:03:03 (2216 turns).

BigPumpCobain the Ruffian (Draconian Shapeshifter)  Turns: 2216, Time: 00:03:04

Health: -5/42      AC:  5    Str: 19    XL:     5   Next: 30%
Magic:  5/5        EV: 12    Int: 10    God:
Gold:   245        SH:  0    Dex: 10    Spells: 4/4 levels left

rFire   . .          .
                       - Unarmed
rCold   . . .        (no shield)
rNeg    . . .        (body armour unavailable)
rPois   .            (helmet currently unavailable)
rElec   .            (cloak currently unavailable)
rCorr   .            (gloves currently unavailable)
SInv    .            (boots currently unavailable)
Will    .....        g - amulet of regeneration
Stlth   +            (no ring)
HPRegen 1.07/turn    (no ring)
MPRegen 0.09/turn

%: no passive effects
@: beast-form, attractive
A: beast (slay +2), AC +5, unfitting armour, cold-blooded
a: Begin Untransformation


You were on level 4 of the Dungeon.
You were a hulking beast.
You visited 1 branch of the dungeon, and saw 4 of its levels.

You collected 245 gold pieces.

Inventory:

Hand Weapons
 j - a +1 dagger of electrocution
Armour
 o - a +1 hat
Jewellery
 d - an amulet of magic regeneration
 g - an amulet of regeneration (around neck)
Talismans
 b - a beast talisman
 c - a flux talisman
Wands
 k - a wand of charming (4)
Scrolls
 e - 3 scrolls of immolation
 f - a scroll of fog
 l - a scroll of enchant armour {unknown}
 n - a scroll of poison {unknown}
Potions
 h - a potion of mutation {unknown}
 i - a potion of resistance {unknown}
 m - 2 potions of curing {unknown}


   Skills:
 + Level 2.6 Fighting
 - Level 1.7 Dodging
 * Level 4.4 Unarmed Combat
 * Level 4.2 Shapeshifting


You had 4 spell levels left.
You didn't know any spells.
Your spell library contained the following spells:

 Spells                   Type           Power      Damage    Failure   Level
 Magic Dart               Conj           0%         1d3       36%         1
 Blink                    Tloc           0%         N/A       50%         2
 Call Imp                 Summ           0%         N/A       50%         2


Dungeon Overview and Level Annotations

Branches:
Dungeon (4/15)
 Temple: D:4-7

Altars:

Annotations:
D:4 Grinder


Innate Abilities, Weirdness & Mutations

You are a hulking beast.
Your limbs bulge with bestial killing power. (Slay +2)
Your plain brown scales are hard. (AC +5)
You cannot fit into any form of body armour.
You are cold-blooded and may be slowed by cold attacks.


Message History

Grinder hits you!
* * * LOW HITPOINT WARNING * * *
You writhe in agony.
* * * LOW HITPOINT WARNING * * *
You hit Grinder.
Grinder is heavily wounded.
Grinder hits you.
* * * LOW HITPOINT WARNING * * *
You writhe in agony.
* * * LOW HITPOINT WARNING * * *
You hit Grinder.
Grinder is severely wounded.
Grinder blinks!
The goblin shoots a sling bullet.
The sling bullet hits you but does no damage.
The goblin is attracted toward you. Grinder is attracted toward you.
You barely miss the goblin.
The goblin unwields a +0 sling.
The goblin wields a +0 dagger.
The goblin hits you but does no damage.
You hit the goblin.
The goblin is severely wounded.
You barely miss the goblin.
The goblin is severely wounded.
The goblin barely misses you.
Grinder blinks!
You closely miss the goblin.
The goblin is severely wounded.
The goblin hits you with a +0 dagger.
* * * LOW HITPOINT WARNING * * *
You hit the goblin.
You kill the goblin!
Grinder is attracted toward you.
You hit Grinder.
Grinder is severely wounded.
Grinder hits you.
* * * LOW HITPOINT WARNING * * *
You writhe in agony.
* * * LOW HITPOINT WARNING * * *
You punch Grinder!
Your tail-slap misses Grinder.
Grinder is almost dead.
Grinder hits you!
You die...
Grinder says, "Now the real fun starts!"

####...# #.# ...#...#
#.# ...#...###.#
...#...#...#
...'...#.#.###
...#.........##### ##
...#....##.#.#... ยง.
)..####...>#.#.###.#.#
...## #....#....h5...#
###<# #.##.....#######
#.# #.##.#.### #..
..##...# #####.######


You could see Grinder.

Vanquished Creatures
  An orc priest (D:3)
  Natasha (twice) (D:3)
  An adder (D:2)
  A dart slug (D:1)
  2 ribbon worms (D:2)
  8 orcs (D:3)
  9 endoplasms
  2 giant cockroaches
  6 hobgoblins
  3 kobolds
  A quokka (D:2)
  7 ball pythons
  5 bats
  7 frilled lizards
  9 goblins
  7 rats
71 creatures vanquished.

Notes
Turn   | Place    | Note
-------+----------+-------------------------------------------
     0 | D:1      | BigPumpCobain the Draconian Shapeshifter began the quest
                  | for the Orb.
     0 | D:1      | Reached XP level 1. HP: 16/16 MP: 1/1
    36 | D:1      | Found a faded altar of an unknown god.
   112 | D:1      | Reached XP level 2. HP: 22/23 MP: 2/2
   615 | D:1      | Reached XP level 3. HP: 29/29 MP: 3/3
  1517 | D:3      | Reached XP level 4. HP: 20/36 MP: 4/4
  1679 | D:3      | Noticed Natasha
  1691 | D:3      | Killed Natasha
  1733 | D:3      | Reached XP level 5. HP: 42/42 MP: 5/5
  2091 | D:3      | Noticed Natasha
  2099 | D:3      | Killed Natasha
  2198 | D:4      | Noticed Grinder
  2215 | D:4      | HP: 2/42 [Grinder (3)]
  2216 | D:4      | Slain by Grinder

Illustrated notes

Levels and vault maps discovered:
D:1:      minmay_arrival_hallway, layout_basic,
          hellmonk_ecumenical_altar_arch_garden
D:2:      layout_basic
D:3:      layout_loops_corners, uniq_natasha
D:4:      layout_basic, fedhas_altar_4, minmay_crystal_water,
          uniq_blork_the_orc, uniq_grinder

Skill      XL: |  1  2  3  4 |
---------------+-------------+-----
Fighting       | 2 |  2.6
Unarmed Combat | 4 |  4.4
Shapeshifting  | 4 |  4.2
Dodging        | |  1.7

Action                     |  1- 3 |  4- 6 || total
---------------------------+-------+-------++-------
  Melee: Unarmed           |   113 |    63 ||   176
         Tailslap          |    12 |     6 ||    18
         Punch             |     4 |     2 ||     6
    Use: Scroll            |     2 |       ||     2
         Potion            |       |     2 ||     2
   Stab: Sleeping          |     1 |       ||     1
 Armour: Skin              |    48 |    28 ||    76
  Dodge: Dodged            |    76 |    17 ||    93

Table legend: (Time is in decaauts)
 A = Elapsed time spent in this place.
 B = Non-inter-level travel time spent in this place.
 C = Inter-level travel time spent in this place.
 D = Time resting spent in this place.
 E = Time spent auto-exploring this place.
 F = Levels seen in this place.
 G = Mean time per level.
                   A        B        C        D        E       F      G
               +--------+--------+--------+--------+--------+-----+--------+
         Total |   2221 |   2179 |     42 |      0 |   1799 |   4 |  555.2 |
       Dungeon |   2221 |   2179 |     42 |      0 |   1799 |   4 |  555.2 |
               +--------+--------+--------+--------+--------+-----+--------+

Top non-repeatable levels by time:
     D:3: 797 daAuts
     D:2: 748 daAuts
     D:1: 608 daAuts
     D:4: 67 daAuts
